AoeStats
← DjaFFer

Nomad

510142777Analyzed
2v2 RM · 17h ago on Sep 29, 2026· 37m 13s· 4 players
Game mode
Random Map
Map size
176×176
Population
200
Speed
Normal
Resources
Standard
Victory
Conquest
Starting age
Dark Age
Ending age
Imperial Age
RankedLock teamsTeams togetherTeam positionsShared explorationLock speedFull tech treeHidden civsTurbo modeCheats
Victory
Defeat
🇩🇰 Khmer · Denmark
1156
+13
🇩🇰 Huns · Denmark
1150
+13
🇩🇪 Ethiopians · Germany
1085
-13
🇩🇪 Khmer · Germany
1085
-13
ThomasCook[LmzH]
3:23 Loom
14:11 Feudal Age
17:10 Castle Age
18:35 Medium Warships
26:04 Scale Barding Armor
27:03 Horse Collar
28:32 Heavy Plow
31:20 Scale Mail Armor
32:00 Forging
32:32 Pikeman
34:58 Chain Barding Armor
37:29 Fletching
37:57 Chain Mail Armor
el-king
4:29 Loom
12:57 Feudal Age
17:33 Castle Age
16:22 Double-Bit Axe
18:11 Forging
24:00 Scale Mail Armor
24:06 Squires
25:17 Horse Collar
30:44 Iron Casting
31:12 Scale Barding Armor
AupairMann
4:55 Loom
13:00 Feudal Age
13:50 Double-Bit Axe
21:47 Castle Age
22:01 Crossbowman
27:24 Fletching
28:34 Bodkin Arrow
29:51 Wheelbarrow
36:22 Imperial Age
36:51 Bow Saw
DjaFFer
4:16 Loom
13:01 Feudal Age
14:44 Horse Collar
19:39 Double-Bit Axe
23:57 Castle Age
22:42 Bloodlines
23:03 Scale Barding Armor
24:17 Forging
25:05 Chain Barding Armor
25:03 Heavy Plow
25:28 Husbandry
27:08 Bow Saw
29:04 Town Watch
32:12 Iron Casting
Connection lost

Rejoining the realm…

Still unreachable

The connection could not be restored.

Session expired

The server has moved on; the page needs a fresh start.